[Event "BL 2024-25"]
[Site "Austria"]
[Date "2024.10.13"]
[Round "5.12"]
[White "Ivanisevic, Ivan"]
[Black "Schachinger, Mario"]
[Result "1-0"]
[Annotator "TA"]
[ECO "A36"]
[WhiteElo "2519"]
[BlackElo "2385"]
[PlyCount "65"]
[EventDate "2024.08.28"]
[EventType "team-tourn"]
[EventCountry "AUT"]
[SourceTitle "playchess.com"]
[Source "ChessBase"]
[SourceQuality "1"]
[WhiteTeam "Pinggau-Friedberg"]
[BlackTeam "Wien-St Veit"]
[TimeControl "40/5400+30:1800+30"]

1. c4 Nf6 2. Nc3 c5 3. g3 g6 4. Bg2 Bg7 5. d3 Nc6 6. Qd2 O-O 7. b3 e6 8. Bxc6 {The position is equal.} bxc6 9. Bb2 e5 10. e4 Ne8 (10... d6 $15) 11. h4 Nc7 12. f3 d6 13. h5 f5 (13... Rb8 $11 {remains equal.}) 14. O-O-O (14. hxg6 $16 hxg6 15. O-O-O) 14... Ne6 ({Better is} 14... g5 $14) 15. hxg6 $16 hxg6 {[%emt 0:00:30] [#]} 16. f4 $1 Nd4 {[%emt 0:00:30] Inhibits Nf3.} 17. Nh3 fxe4 18. Nxe4 {Nhg5 would now be deadly.} Bg4 $2 {[%emt 0:00:30] [#] A mistake that costs the game.} (18... Bxh3 $16 19. Rxh3 d5 20. Bxd4 (20. Nxc5 Qd6 $16) 20... cxd4) 19. Bxd4 $1 $18 cxd4 (19... d5 20. Bxc5) 20. Nhg5 {[%cal Od2h2] aiming for Qh2!} d5 {[%emt 0:00:30] [#]} (20... Qd7 $142 21. Rdg1 (21. Qh2 Bh5 $18) 21... exf4 22. gxf4 Rae8) 21. Qh2 $1 Bh5 22. Ne6 Qe7 23. N4g5 {Excellent horsemanship.} Bh6 24. Nxf8 Rxf8 25. g4 Rxf4 ({But not} 25... Bxg5 $2 26. fxg5 (26. gxh5 $2 Bxf4+ $19) 26... Qxg5+ 27. Rd2 dxc4 28. bxc4 (28. gxh5 c3 $11) (28. dxc4 Qxg4 29. Qxe5 Qf3 $18) 28... Qxg4 29. Rg2 (29. Qxe5 Qf4 $18) 29... Qf4+ 30. Qxf4 exf4 31. Rxh5 $18) 26. gxh5 Qxg5 $2 (26... Rh4 {was worth a try.} 27. Qc2 (27. Qxh4 Bxg5+ $11) 27... Rxh1 28. Rxh1 Qxg5+ 29. Kb1 gxh5) 27. Kb1 Bg7 28. cxd5 cxd5 29. h6 Bf8 30. h7+ Kh8 31. Qh3 Rf5 (31... Qf5 {might work better.} 32. Qxf5 Rxf5) 32. Rdg1 Qf6 33. Qg2 $1 {[%csl LRd5,LRg6] Weighted Error Value: White=0.23 (precise) /Black=0.57.  Loses game:     	---       	Black=1      Mistake:       	White=1     	Black=6      Inaccurate:     	White=1     	Black=1      OK:         	White=8     	Black=6      Best:        	White=3     	Black=3      Strong:       	White=2     	---} 1-0

[Event "BL 2024-25"]
[Site "Austria"]
[Date "2024.10.13"]
[Round "5.13"]
[White "Vitouch, Anatol"]
[Black "Rosner, Jonas"]
[Result "1/2-1/2"]
[Annotator "TA"]
[ECO "D13"]
[WhiteElo "2287"]
[BlackElo "2434"]
[PlyCount "63"]
[EventDate "2024.08.28"]
[EventType "team-tourn"]
[EventCountry "AUT"]
[SourceTitle "playchess.com"]
[Source "ChessBase"]
[SourceQuality "1"]
[WhiteTeam "Pamhagen"]
[BlackTeam "Salzburg"]
[TimeControl "40/5400+30:1800+30"]

1. Nf3 d5 2. d4 Nf6 3. c4 c6 4. cxd5 cxd5 5. Nc3 Nc6 6. Bf4 a6 7. e3 Bg4 8. Be2 e6 9. h3 Bxf3 10. Bxf3 Bd6 11. Bxd6 Qxd6 12. O-O {[%emt 0:00:45] D13: Slavische Verdediging: Exchange Variant zonder ...Lf5.} O-O 13. Qe2 {[%emt 0:05:35] Onnauwkeurig} Rac8 14. Rac1 Na5 $146 {[%emt 0:03:41] Onnauwkeurig} ({Predecessor:} 14... b5 15. Rfd1 Ne7 16. Rc2 Rc7 17. Rdc1 Rfc8 18. Nb1 Rxc2 19. Rxc2 Rxc2 20. Qxc2 Qc6 21. Qxc6 Nxc6 {½-½ Wageih,K (2268)-Savchenko,S (2526) Dubai op 12th 2010 (5)}) 15. Rfd1 {[%emt 0:02:30] Onnauwkeurig} {Zwart kan overwegen om te spelen.} Rc7 {[%emt 0:06:06] Fout (0.6)} (15... Qb4 $11) 16. Na4 {[%emt 0:15:28] Onnauwkeurig} Nd7 {[%emt 0:07:12] Onnauwkeurig} 17. Qe1 Rfc8 18. Nc5 {[%emt 0:08:40] OK} Nc4 {[%emt 0:05:21] OK} 19. Nd3 Qb6 {[%emt 0:06:42] OK} 20. b3 {[%emt 0:02:43] OK} Nd6 {[%emt 0:01:11] OK} 21. Rxc7 {[%emt 0:00:11] OK} Rxc7 22. Rc1 {[%emt 0:00:24] Onnauwkeurig} a5 {[%emt 0:02:48] Onnauwkeurig} 23. Rxc7 {[%emt 0:02:28] Onnauwkeurig} Qxc7 24. Qc1 Qxc1+ {[%emt 0:02:01] OK} 25. Nxc1 $15 {[%emt 0:00:05][%mdl 4096] Eindspel. KBN-KNN} g5 26. g4 {[%emt 0:06:56] OK} Kf8 27. Be2 {[%emt 0:03:07] OK} Ke7 28. Bd3 {[%emt 0:00:05] OK} Nf6 29. f3 {[%emt 0:02:38] OK. De stelling is in evenwicht.} h5 30. Kf2 hxg4 31. hxg4 Nd7 {[%emt 0:01:01] OK} 32. Ne2 {[%emt 0:04:50] Blunder waarde: Wit=0.13 (erg precies) /Zwart=0.18 (erg precies) . OK.  Fout:        	---       	Zwart=1      Onnauwkeurig:    	Wit=5      	Zwart=3      OK:         	Wit=8      	Zwart=5} 1/2-1/2

[Event "BL 2024-25"]
[Site "Austria"]
[Date "2024.10.13"]
[Round "5.14"]
[White "Hacker, Jonas"]
[Black "Gschiel, Alexander"]
[Result "1-0"]
[Annotator "RC"]
[ECO "B12"]
[WhiteElo "2385"]
[BlackElo "2326"]
[PlyCount "65"]
[EventDate "2024.08.28"]
[EventType "team-tourn"]
[EventCountry "AUT"]
[SourceTitle "playchess.com"]
[Source "ChessBase"]
[SourceQuality "1"]
[WhiteTeam "Salzburg"]
[BlackTeam "Pamhagen"]
[TimeControl "40/5400+30:1800+30"]

1. e4 c6 2. d4 d5 3. e5 Bf5 4. Bd3 Bxd3 5. Qxd3 e6 6. Ne2 Qa5+ 7. c3 Qa6 8. Qd1 c5 9. Nd2 Nc6 10. Nf3 h5 11. O-O Nge7 12. Bg5 Nf5 13. Ng3 Nxg3 14. fxg3 Qb6 15. c4 cxd4 16. cxd5 exd5 17. Qd3 Bc5 18. a3 O-O 19. Bf6 gxf6 20. exf6 Ne7 21. Ne5 Qa6 22. Qd2 Qe2 23. Qxe2 d3+ 24. Qf2 Bxf2+ 25. Rxf2 Ng6 26. Nxd3 Rfe8 27. Rf5 Re2 28. Rxd5 Rc8 29. Re1 Rd2 30. h4 Rcc2 31. Re8+ Nf8 32. Rxf8+ Kh7 33. Nf4 1-0

[Event "BL 2024-25"]
[Site "Austria"]
[Date "2024.10.13"]
[Round "5.15"]
[White "Lovrinovic, Christian"]
[Black "Goldbeck, Lars"]
[Result "0-1"]
[Annotator "RC"]
[ECO "D35"]
[WhiteElo "2053"]
[BlackElo "2372"]
[PlyCount "94"]
[EventDate "2024.08.28"]
[EventType "team-tourn"]
[EventCountry "AUT"]
[SourceTitle "playchess.com"]
[Source "ChessBase"]
[SourceQuality "1"]
[WhiteTeam "Pamhagen"]
[BlackTeam "Salzburg"]
[TimeControl "40/5400+30:1800+30"]

1. d4 d5 2. c4 e6 3. Nc3 Nf6 4. cxd5 exd5 5. Bg5 c6 6. e3 Bd6 7. Bd3 h6 8. Bh4 O-O 9. Nge2 Re8 10. Qc2 a5 11. O-O Bxh2+ 12. Kh1 Bd6 13. e4 dxe4 14. Nxe4 Be7 15. Nxf6+ Bxf6 16. Bxf6 Qxf6 17. Rad1 Be6 18. Nc3 Nd7 19. Ne4 Qh4+ 20. Kg1 Bd5 21. Ng3 Nf6 22. Nf5 Qf4 23. Rfe1 Ng4 24. Ng3 h5 25. Nf1 Rxe1 26. Rxe1 Qxd4 27. Re7 b5 28. Qe2 g6 29. Bb1 Qf4 30. b3 a4 31. Be4 Bxe4 32. Rxe4 Qd6 33. bxa4 Rxa4 34. Rxa4 bxa4 35. Qc4 a3 36. f3 Nf6 37. Qc3 Nd5 38. Qc1 Nf4 39. Kh1 h4 40. Qc4 c5 41. Qe4 Kg7 42. Ne3 Qd4 43. Qe7 c4 44. Qxa3 Qd2 45. Qe7 Qe1+ 46. Kh2 Qg3+ 47. Kh1 h3 0-1

[Event "BL 2024-25"]
[Site "Austria"]
[Date "2024.10.13"]
[Round "5.16"]
[White "Hinterreiter, Markus"]
[Black "Fleischhacker, Christian"]
[Result "1-0"]
[Annotator "RC"]
[ECO "D07"]
[WhiteElo "2269"]
[BlackElo "1873"]
[PlyCount "21"]
[EventDate "2024.08.28"]
[EventType "team-tourn"]
[EventCountry "AUT"]
[SourceTitle "playchess.com"]
[Source "ChessBase"]
[SourceQuality "1"]
[WhiteTeam "Salzburg"]
[BlackTeam "Pamhagen"]
[TimeControl "40/5400+30:1800+30"]

1. Nf3 Nc6 2. d4 d5 3. c4 Bf5 4. cxd5 Qxd5 5. Nc3 Qd8 6. d5 Nb8 7. Qb3 Qc8 8. e4 Bd7 9. Bf4 a6 10. Rc1 c6 11. Na4 1-0

[Event "BL 2024-25"]
[Site "Austria"]
[Date "2024.10.13"]
[Round "5.18"]
[White "Leeb, Simon"]
[Black "Rusek, Walter"]
[Result "1-0"]
[Annotator "RC"]
[ECO "B10"]
[WhiteElo "2219"]
[BlackElo "1838"]
[PlyCount "49"]
[EventDate "2024.08.28"]
[EventType "team-tourn"]
[EventCountry "AUT"]
[SourceTitle "playchess.com"]
[Source "ChessBase"]
[SourceQuality "1"]
[WhiteTeam "Salzburg"]
[BlackTeam "Pamhagen"]
[TimeControl "40/5400+30:1800+30"]

1. c4 c6 2. e4 d5 3. cxd5 cxd5 4. exd5 Nf6 5. Nc3 Nxd5 6. Bc4 e6 7. Nf3 Be7 8. O-O O-O 9. Re1 Re8 10. Ne5 Bf6 11. Ng4 Nxc3 12. dxc3 Nc6 13. Qf3 e5 14. Nxf6+ Qxf6 15. Qxf6 gxf6 16. Bh6 Be6 17. Bb5 f5 18. Bxc6 bxc6 19. Rxe5 Bxa2 20. Rxf5 Re2 21. b4 Rc2 22. h3 Bd5 23. Rg5+ Kh8 24. Bg7+ Kg8 25. Bd4+ 1-0

[Event "BL 2024-25"]
[Site "Austria"]
[Date "2024.10.13"]
[Round "5.19"]
[White "Sarana, Alexey"]
[Black "Kozak, Adam"]
[Result "1/2-1/2"]
[Annotator "TA"]
[ECO "E14"]
[WhiteElo "2717"]
[BlackElo "2600"]
[PlyCount "47"]
[EventDate "2024.08.28"]
[EventType "team-tourn"]
[EventCountry "AUT"]
[SourceTitle "playchess.com"]
[Source "ChessBase"]
[SourceQuality "1"]
[WhiteTeam "Linz"]
[BlackTeam "Fuerstenfeld-Hartberg"]
[TimeControl "40/5400+30:1800+30"]

1. d4 Nf6 2. c4 e6 3. Nf3 Bb4+ 4. Nbd2 b6 5. a3 Bxd2+ 6. Qxd2 Bb7 7. e3 O-O 8. Be2 d5 9. b3 Nbd7 10. O-O c5 11. Bb2 Rc8 12. Rfd1 Qe7 13. a4 Rfd8 14. Rac1 dxc4 15. bxc4 Nf8 16. Qc3 Ng6 17. Qa3 Ne4 18. a5 cxd4 {[%emt 0:10:08] [#] ...Qxa3 wäre nun fies.} 19. Nxd4 (19. Qxe7 {vereinfacht} Nxe7 20. Nxd4 bxa5 21. f3) 19... Qh4 {[%emt 0:10:10] Die Stellung ist ausgeglichen.} (19... Nc5 {vereinfacht} 20. Nf3 e5 21. axb6 axb6 22. Qc3 Qc7) 20. g3 Qh3 21. Bf1 {[%emt 0:08:59] Das Läuferpaar ist gut.} Qh5 {[%emt 0:01:37][%cal Oe4f2] ...Nxf2! ist eine echte Drohung.} 22. Be2 $1 Qh3 {[%emt 0:00:27][%cal Od8d4] [#] Droht stark ...Rxd4!} 23. Bf1 Qh5 {[%emt 0:00:24][%cal Oe4f2] Und ...Nxf2! würde nun gewinnen.} 24. Be2 {[%emt 0:30:24] Gewichteter Fehlerwert: Weiß=0.06 (makellos) /Schwarz=0.05 (makellos) .  Ungenau:       	Weiß=1     	Schwarz=1     OK:         	Weiß=2     	Schwarz=5     Bester:       	Weiß=4     	---        Stark:        	Weiß=1     	---} 1/2-1/2

[Event "BL 2024-25"]
[Site "Austria"]
[Date "2024.10.13"]
[Round "5.20"]
[White "Berkes, Ferenc"]
[Black "Andreikin, Dmitry"]
[Result "1/2-1/2"]
[Annotator "TA"]
[ECO "D79"]
[WhiteElo "2604"]
[BlackElo "2729"]
[PlyCount "33"]
[EventDate "2024.08.28"]
[EventType "team-tourn"]
[EventCountry "AUT"]
[SourceTitle "playchess.com"]
[Source "ChessBase"]
[SourceQuality "1"]
[WhiteTeam "Fuerstenfeld-Hartberg"]
[BlackTeam "Linz"]
[TimeControl "40/5400+30:1800+30"]

1. d4 Nf6 2. Nf3 g6 3. g3 d5 4. Bg2 Bg7 5. c4 c6 6. cxd5 cxd5 7. Ne5 O-O 8. Nc3 Nc6 9. O-O Bf5 10. Bf4 Rc8 11. Rc1 Qb6 12. Qd2 Rfd8 {[%emt 0:03:05] The position is equal.} (12... Nxd4 $2 {loses.} 13. Be3 $18 (13. Bxd5 $2 {is the wrong capture.} Rcd8 $19)) 13. Na4 Qb5 14. Nc3 Qb6 15. Na4 Qb5 16. Nc3 Qb6 17. Na4 {[%emt 0:00:43] An uneventful encounter.   Weighted Error Value: White=0.11 (very precise) /Black=0.03 (flawless) .  OK:         	White=1     	Black=5} 1/2-1/2

[Event "BL 2024-25"]
[Site "Austria"]
[Date "2024.10.13"]
[Round "5.21"]
[White "Vitiugov, Nikita"]
[Black "Samunenkov, Ihor"]
[Result "1/2-1/2"]
[Annotator "TA"]
[ECO "C42"]
[WhiteElo "2667"]
[BlackElo "2533"]
[PlyCount "80"]
[EventDate "2024.08.28"]
[EventType "team-tourn"]
[EventCountry "AUT"]
[SourceTitle "playchess.com"]
[Source "ChessBase"]
[SourceQuality "1"]
[WhiteTeam "Linz"]
[BlackTeam "Fuerstenfeld-Hartberg"]
[TimeControl "40/5400+30:1800+30"]

1. e4 e5 2. Nf3 Nf6 3. Nxe5 d6 4. Nf3 Nxe4 5. Bd3 Nf6 6. O-O Be7 7. Re1 O-O 8. Bf1 d5 9. d4 h6 10. h3 c5 11. dxc5 Bxc5 12. Be3 Bxe3 13. Rxe3 Nc6 14. c3 Qb6 15. Qb3 Rd8 16. Qxb6 axb6 17. Na3 d4 $1 18. Nxd4 Nxd4 19. cxd4 Rxd4 20. Rb3 Nd5 (20... Rd6 $11 {remains equal.}) 21. Nb5 Rd2 22. Rd3 Rxd3 23. Bxd3 Be6 24. a3 Nf6 25. Rd1 Rc8 26. Be2 Bd5 27. Nc3 Bc6 28. Rd4 Re8 29. Bd3 Kf8 30. f3 Re5 31. Kf2 Ke7 32. b4 g5 33. g3 Bd7 34. h4 Bc6 35. Be2 Nd5 36. f4 (36. Nxd5+ {simplifies} Rxd5 37. Rxd5 Bxd5 38. Bd3) 36... gxf4 37. gxf4 Rf5 38. Nxd5+ ({Much weaker is} 38. Bg4 Rxf4+ 39. Rxf4 Nxf4 $15) 38... Rxd5 39. Rxd5 Bxd5 40. Ke3 Kd6 {Weighted Error Value: White=0.06 (flawless) /Black=0.07 (flawless) .  Mistake:       	---       	Black=1      Inaccurate:     	White=1     	Black=1      OK:         	White=13    	Black=14     Strong:       	---       	Black=1} 1/2-1/2

[Event "BL 2024-25"]
[Site "Austria"]
[Date "2024.10.13"]
[Round "5.22"]
[White "Korpa, Bence"]
[Black "Rodshtein, Maxim"]
[Result "0-1"]
[Annotator "TA"]
[ECO "A48"]
[WhiteElo "2550"]
[BlackElo "2613"]
[PlyCount "78"]
[EventDate "2024.08.28"]
[EventType "team-tourn"]
[EventCountry "AUT"]
[SourceTitle "playchess.com"]
[Source "ChessBase"]
[SourceQuality "1"]
[WhiteTeam "Fuerstenfeld-Hartberg"]
[BlackTeam "Linz"]
[TimeControl "40/5400+30:1800+30"]

1. d4 Nf6 2. Nf3 g6 3. Bg5 Bg7 4. Nbd2 h6 5. Bh4 O-O 6. e4 d6 7. c3 c5 8. dxc5 dxc5 9. Bc4 Nc6 10. Qe2 {[%emt 0:00:35] A48: 1 d4 Nf6 2 Nf3 g6: Torre, London and Colle Systems.} Nh5 11. Qe3 b6 12. O-O-O Qc7 13. Bg3 e5 14. Bd5 Ba6 $146 ({Predecessor:} 14... Bb7 15. Nc4 Rad8 16. Bxe5 Nxe5 17. Nfxe5 Bxe5 18. Nxe5 Bxd5 19. exd5 Rfe8 20. Rhe1 f6 {½-½ Rashkovsky,N (2523)-Dobrov,V (2272) Oberwart op 2000 (7)}) 15. Nc4 Rad8 16. b3 Bxc4 17. bxc4 Nf4 18. Bxf4 exf4 19. Qd2 a6 20. g3 b5 21. Qxf4 Qa5 22. Kd2 Ne7 23. Ke2 g5 24. Qe3 Rfe8 25. Qxc5 Nxd5 (25... Bxc3 26. Kf1 $15) (25... Qxc3 26. Rd3 Rxd5 27. Rxd5 Nxd5 28. Qxd5 Qxc4+ (28... bxc4 29. Nd2 $15) 29. Qxc4 bxc4 30. Ke3 $17) (25... Qxa2+ 26. Kf1 $17 (26. Rd2 $2 Qa4 $19)) (25... Qa4 $19 {is more deadly.} 26. Bb7 Qc2+ (26... Qxc4+ $2 27. Qxc4 bxc4 28. Rxd8 $18) (26... Qxa2+ 27. Rd2 $19) 27. Rd2 Rxd2+ (27... Qxc3 28. Rhd1 $11) 28. Nxd2 Bxc3) 26. cxd5 $17 Rxe4+ (26... Bxc3 27. Kf1 $15) 27. Kf1 Bf8 (27... Bxc3 28. d6 $11) (27... Qxc3 28. Qxc3 Bxc3 29. Rd3) 28. d6 Qxa2 29. Kg2 {[%emt 0:00:34] [#]} Qc4 $1 30. Qf5 {[%emt 0:00:43] [#]} Qe6 (30... Rxd6 $2 31. Rxd6 (31. Ne5 Rxe5 32. Qxe5 Qc6+ 33. f3 Re6 $15) 31... Bxd6 32. Nd2 $18) (30... Bxd6 $2 31. Nxg5 (31. Nd2 Re5 $18) 31... hxg5 32. Qxg5+ Kh7 33. Qxd8 $18) (30... Qc6 $1 $17 {[%cal Og5g4] And now ...g4! would win.} 31. Rd5 (31. h4 $2 g4 $19) 31... Rxd6) 31. Qc5 $2 (31. Nd4 Qe8 32. d7 Rxd7 $17 (32... Qxd7 $2 33. Qxe4 Re8 34. Qf5 $18)) ({Better is} 31. Qxe6 $1 $15 fxe6 (31... Rxe6 32. d7 $11) 32. d7) 31... Rc4 (31... Bxd6 32. Qb6 Qf6 33. Qxa6 $11) 32. Qa7 $2 (32. Qb6 $17 Rxd6 33. Rxd6 Qxd6 34. Qxd6 Bxd6 35. Ra1) 32... g4 $19 (32... Rxc3 33. Rhe1 Qf5 34. Qb7 $17) (32... Bxd6 $2 33. Qb6 Qf6 34. Ne5 Rxc3 (34... Bxe5 35. Rxd8+ Kg7 36. Qxf6+ Bxf6 37. Ra8 $16) 35. Rhe1 $19) 33. Nd4 (33. Nh4 $142 Qe4+ (33... Rxc3 $2 34. Rhe1 $19) 34. f3 gxf3+ 35. Nxf3) 33... Qe4+ 34. f3 gxf3+ 35. Kf2 (35. Nxf3 $19 Rxc3 (35... Rxd6 $2 36. Rxd6 Bxd6 37. Re1 $19) 36. Rhf1 Rxd6 (36... Bxd6 37. Rxd6 Rxd6 38. Qb8+ Kh7 39. Qxd6 $16) 37. Rxd6 Bxd6 38. Qb6 Rc2+ 39. Rf2) 35... Rxc3 (35... Rxd4 $142 36. Rhe1 Qc2+ (36... R4xd6 37. Rxe4 Rxd1 38. Kxf3 $14) 37. Kxf3 Rxd1 38. Qf2 Qxf2+ (38... Qxc3+ $2 39. Re3 $19) 39. Kxf2 Rxe1 (39... R1xd6 $2 40. Kg2 $19) (39... Rd2+ $2 40. Kf3 $19) 40. Kxe1 Rxd6 (40... Re8+ $2 41. Kd1 $19) 41. g4 a5 (41... Re6+ {leads to mate.} 42. Kf1 a5 43. Kg2 a4 44. Kg3 a3 45. g5 a2 46. gxh6 a1=Q 47. h7+ Kxh7 48. Kg2 Qxc3 49. Kf2 Bc5+ 50. Kg2 Re2+ 51. Kh1 Qf3#) 42. h3 a4 (42... Re6+ 43. Kf1 a4 44. Kg2 a3 45. Kh2 a2 46. g5 a1=Q 47. gxh6 Rg6 48. h7+ Kxh7 49. h4 Qg1+ 50. Kh3 Qh1#) 43. Ke2 a3 44. c4 bxc4 (44... a2 45. c5 Re6+ 46. Kf2 a1=Q 47. g5 Bxc5+ 48. Kg3 Qg1+ 49. Kf4 Bd6+ 50. Kf5 Qxg5#) 45. Ke3 a2 46. Ke4 a1=Q (46... a1=B 47. h4 c3 48. h5 c2 49. g5 c1=Q 50. g6 Re6+ 51. Kf3 Qf1+ 52. Kg4 Re4+ 53. Kg3 Be5#) 47. g5 Rd4+ (47... hxg5 48. Kf3 Qf1+ 49. Ke3 Rd3+ 50. Ke4 Qf4#) 48. Ke3 Qc3+ (48... hxg5 49. Kf2 Qb2+ 50. Ke3 Rf4 51. h4 Qf2#) 49. Kf2 Rd2+ 50. Kg1 Qc1#) 36. Rhe1 $19 Qd5 37. Rd2 (37. Ne2 $142 Rd3 (37... fxe2 $2 {too greedy.} 38. Rxd5 Rxd6 39. Rxd6 $18) 38. Rxd3 Qxd3 39. Qd4 Rxd6 40. Qg4+ Kh7 (40... Bg7 $2 41. Qxf3 Qxf3+ 42. Kxf3 $19) 41. Nf4 Qc2+ 42. Kf1) 37... Qxd6 (37... Bxd6 $142 38. Qxa6 Bc5) 38. Re4 Qg6 39. Rf4 Bc5 0-1

[Event "BL 2024-25"]
[Site "Austria"]
[Date "2024.10.13"]
[Round "5.23"]
[White "Shimanov, Aleksandr"]
[Black "Schernthaner, David"]
[Result "1-0"]
[Annotator "TA"]
[ECO "A46"]
[WhiteElo "2582"]
[BlackElo "2389"]
[PlyCount "83"]
[EventDate "2024.08.28"]
[EventType "team-tourn"]
[EventCountry "AUT"]
[SourceTitle "playchess.com"]
[Source "ChessBase"]
[SourceQuality "1"]
[WhiteTeam "Linz"]
[BlackTeam "Fuerstenfeld-Hartberg"]
[TimeControl "40/5400+30:1800+30"]

1. Nf3 Nf6 2. d4 e6 3. Bg5 h6 4. Bh4 c5 5. e3 cxd4 6. exd4 Qb6 {[%emt 0:00:11] A46: 1 d4 Nf6 2 Nf3 e6: Torre, London and Colle Systems.} 7. Bxf6 gxf6 8. b3 Bg7 $146 ({Predecessor:} 8... Qc7 9. a3 d5 10. Bb5+ Bd7 11. Bxd7+ Nxd7 12. O-O O-O-O 13. Nbd2 Kb8 14. c4 dxc4 15. bxc4 {0-1 Rajic,I (2078)-Taeger,W (2299) Landesliga Sued 0708 2007 (3.2)}) 9. Bd3 Nc6 10. c3 d5 11. O-O Bd7 12. Na3 O-O-O 13. Nc2 Kb8 14. Qd2 (14. c4 $11) 14... Ka8 15. b4 e5 16. Be2 e4 17. Nh4 f5 18. f4 Bf6 19. g3 Rdg8 20. Kh1 $1 Ne7 21. Ne3 h5 22. Qe1 Be6 23. a4 Qd8 24. Qf2 Qc8 25. Rac1 Ng6 {[%emt 0:00:11] [#]} (25... Qc6 $11 {keeps the balance.}) 26. Nxg6 (26. c4 $1 $16 Bd7 (26... Bxd4 $2 27. cxd5 Qf8 28. dxe6 $18) 27. cxd5) 26... fxg6 27. h4 Qd7 28. Bd1 Qe7 29. Bb3 g5 $2 (29... Rd8 $11) 30. fxg5 $18 Bxg5 31. hxg5 h4 (31... Rxg5 $142 32. Qf4 (32. Nxd5 Bxd5 33. Bxd5 f4 $18) (32. Bxd5 Rhg8 $18) 32... h4) 32. g4 $1 $18 (32. gxh4 $2 Qxg5 33. Rc2 Rxh4+ $19 (33... Qxh4+ $2 34. Qxh4 Rxh4+ 35. Rh2 $18) (33... Qxh4+ $2 34. Qxh4 Rxh4+ 35. Rh2 $18)) (32. Nxf5 hxg3+ 33. Kg1 gxf2+ 34. Kxf2 Qxg5 (34... Bxf5 35. Rg1 e3+ 36. Ke2 Rh2+ 37. Ke1 Rxg5 38. Rf1 e2 39. Rxf5 Rg1+ 40. Kd2 e1=Q+ 41. Kd3 Q7e4#) 35. Rc2 Bxf5 36. Ke1 Bg4) 32... fxg4 33. Bxd5 g3 34. Qf6 g2+ 35. Nxg2 (35. Kxg2 Rxg5+ 36. Kh2 Qxf6 37. Rxf6 (37. Bxb7+ Kxb7 38. Rxf6 Rg3 $18) 37... Bxd5 $16) 35... Qxf6 36. gxf6 (36. Bxb7+ Kxb7 37. Rxf6 Bd7) 36... Bxd5 37. Ne3 Bf7 38. Rg1 Rf8 39. Rcf1 Bh5 40. Rf4 Bf3+ $2 (40... Rh6 {was necessary.} 41. Rg5 (41. Rxe4 $2 {too greedy.} Bf3+ 42. Kh2 Bxe4 $19) 41... b5 42. Rxb5 (42. Rxe4 $2 {loses.} Bf3+ 43. Kh2 Bxe4 $19) 42... Bf3+ 43. Kh2 Rhxf6 44. Rxf6 (44. Rxh4 Be2 $16) 44... Rxf6) 41. Kh2 $18 Rf7 42. Rg7 1-0

[Event "BL 2024-25"]
[Site "Austria"]
[Date "2024.10.13"]
[Round "5.24"]
[White "Freitag, Manfred"]
[Black "Bacrot, Etienne"]
[Result "0-1"]
[Annotator "TA"]
[ECO "E06"]
[WhiteElo "2340"]
[BlackElo "2658"]
[PlyCount "46"]
[EventDate "2024.08.28"]
[EventType "team-tourn"]
[EventCountry "AUT"]
[SourceTitle "playchess.com"]
[Source "ChessBase"]
[SourceQuality "1"]
[WhiteTeam "Fuerstenfeld-Hartberg"]
[BlackTeam "Linz"]
[TimeControl "40/5400+30:1800+30"]

1. Nf3 d5 2. d4 Nf6 3. c4 e6 4. g3 Be7 5. Bg2 O-O 6. O-O c6 7. Qc2 b6 8. Bf4 Bb7 9. Ne5 Nfd7 10. Rd1 Nxe5 11. dxe5 g5 {[%emt 0:00:21] The position is equal.} 12. Be3 Nd7 13. cxd5 cxd5 14. Bd4 Bc5 15. e4 (15. e3 $14) 15... Bxd4 $15 16. Rxd4 Nxe5 {[%emt 0:00:07] White must now prevent ...Qf6.} 17. exd5 Qf6 ({Of course not} 17... exd5 18. Qf5 $14) ({Much worse is} 17... Bxd5 18. Nc3 $11) 18. Qd1 {[%emt 0:01:01] Dodges Nf3+} Bxd5 19. Bxd5 exd5 20. Rxd5 g4 21. Nc3 Nf3+ 22. Kg2 Rae8 23. Qa4 $2 {[%emt 0:06:08][%mdl 8192] [#]} (23. Qf1 $11) 23... Ne1+ $1 {[%emt 0:04:41] Weighted Error Value: White=0.44/Black=0.06 (flawless) .  Loses game:     	White=1     	---        Mistake:       	White=1     	---        OK:         	White=4     	Black=7      Best:        	---       	Black=1      Strong:       	---       	Black=1} 0-1